Map: Frost LE

Players

DOGMA - Winner!

  • Race: Zerg Zerg
  • League: Platinum
  • Spawn Location: 11:00

Fropez

  • Race: Protoss Protoss
  • League: Gold
  • Spawn Location: 7:00

VOD

Have the link to the VOD?

Description

Time

  • Played on: Oct. 7, 2016, 5:21 p.m.
  • Length: 11:22
Show
View Real Time Build Order
Export as new Build Order

DOGMA Zerg - Winner!

Build Orders: Hatch First 

Get SALT Encoding   

  12  0:06  Drone  
  13  0:11  Drone  
  14  0:21  Extractor  
  14  0:23  Extractor, Drone x2  
  16  0:33  Overlord  
  16  0:55  Drone  
  17  0:57  Hatchery  
  17  0:58  Drone  
  17  1:01  Drone  
  18  1:17  Spawning Pool  
  17  1:19  Drone  
  18  1:26  Drone  
  18  1:29  Extractor  
  18  1:33  Drone  
  19  2:05  Zergling x6  
  19  2:08  Queen  
  22  2:12  Queen  
  22  2:13  Drone  
  27  2:27  Drone  
  28  2:31  Overlord  
  28  2:50  Drone x5  
  33  2:52  Drone  
  33  2:56  Metabolic Boost, Extractor  
  33  3:08  Roach Warren  
  33  3:12  Drone x3  
  35  3:14  Overlord  
  35  3:21  Drone  
  36  3:32  Queen  
  36  3:33  Drone  
  39  3:36  Drone  
  39  3:37  Drone  
  39  3:38  Drone x3  
  44  3:41  Lair  
  44  3:47  Overlord  
  44  3:49  Overlord  
  44  4:12  Evolution Chamber  
  44  4:13  Extractor  
  44  4:14  Evolution Chamber  
  41  4:18  Drone x3  
  41  4:19  Drone x4  
  48  4:38  Zerg Melee Weapons Level 1  
  48  4:40  Zerg Missile Weapons Level 1  
  43  5:03  Spore Crawler  
  43  5:04  Drone  
  43  5:05  Drone x12  
  54  5:12  Spore Crawler  
  53  5:15  Roach  
  53  5:16  Roach  
  56  5:39  Hatchery  
  56  5:41  Extractor  
  54  5:48  Hydralisk Den  
  53  5:55  Roach x3  
  53  5:56  Overlord x3  
  53  5:57  Overlord x2  
  59  6:18  Muscular Augments  
  59  6:20  Glial Reconstitution  
  58  6:37  Drone x2  
  58  6:38  Drone  
  60  6:40  Hydralisk x2  
  60  6:41  Hydralisk x7  
  60  6:42  Hydralisk  
  80  7:07  Drone x2  
  80  7:08  Drone x6  
  86  7:09  Drone x2  
  86  7:11  Zerg Missile Weapons Level 2  
  90  7:19  Zerg Ground Armor Level 1  
  90  7:20  Evolution Chamber  
  90  7:22  Hydralisk x3  
  89  7:23  Hydralisk x2  
  89  7:29  Overseer  
  99  7:33  Overseer  
  99  7:45  Extractor  
  99  7:46  Extractor, Drone x2  
  99  7:47  Overlord x4, Drone x3  
  102  8:11  Zergling x18  
  102  8:12  Zergling x2  
  112  8:20  Pneumatized Carapace  
  112  8:25  Drone x4  
  112  8:26  Drone x2  
  116  9:00  Zerg Melee Weapons Level 2  
  116  9:03  Infestation Pit  
  116  9:07  Hydralisk  
  116  9:08  Hydralisk x6  
  129  9:14  Drone  
  130  9:30  Overlord x3, Hatchery  
  117  10:01  Zergling x32  
  117  10:02  Zergling x6  
  102  10:29  Hydralisk  
  102  10:30  Hydralisk x8  
  120  10:56  Hydralisk x9  
  132  11:15  Hatchery  
Show
View Real Time Build Order
Export as new Build Order

Fropez Protoss 

Build Orders: 1 Gate Expand 

Get SALT Encoding   

  12  0:01  Probe (Chrono Boost)  
  13  0:13  Probe (Chrono Boost)  
  14  0:23  Pylon  
  14  0:24  Probe (Chrono Boost)  
  15  0:42  Gateway  
  15  0:43  Probe (Chrono Boost)  
  15  0:49  Assimilator  
  16  0:54  Probe (Chrono Boost)  
  17  1:04  Probe (Chrono Boost)  
  17  1:07  Pylon  
  18  1:15  Probe (Chrono Boost)  
  19  1:35  Nexus  
  19  1:50  Pylon  
  19  2:04  Probe (Chrono Boost)  
  20  2:17  Cybernetics Core  
  20  2:20  Gateway  
  20  2:21  Gateway  
  20  2:30  Pylon  
  20  2:33  Probe (Chrono Boost)  
  21  2:39  Assimilator  
  21  2:44  Probe (Chrono Boost)  
  22  2:59  Stargate  
  22  3:05  Stargate  
  22  3:06  Probe (Chrono Boost)  
  22  3:11  Probe (Chrono Boost)  
  24  3:19  Probe (Chrono Boost)  
  25  3:25  Warp Gate (Chrono Boost)  
  25  3:28  Mothership Core (Chrono Boost)  
  25  3:31  Probe (Chrono Boost)  
  28  3:42  Assimilator  
  28  4:02  Oracle (Chrono Boost)  
  31  4:09  Probe  
  32  4:11  Adept  
  32  4:12  Adept  
  36  4:21  Pylon, Probe  
  37  4:28  Probe  
  38  4:33  Assimilator  
  38  4:37  Probe, Oracle (Chrono Boost)  
  42  4:47  Adept  
  42  4:48  Adept  
  43  5:36  Probe  
  43  5:38  Void Ray (Chrono Boost)  
  52  5:44  Void Ray (Chrono Boost)  
  52  5:50  Twilight Council, Probe x2  
  52  5:52  Pylon  
  54  6:02  Probe x2  
  56  6:05  Adept x3  
  62  6:14  Probe x2  
  62  6:15  Pylon  
  64  6:36  Probe  
  64  6:37  Void Ray (Chrono Boost)  
  64  6:39  Resonating Glaives (Chrono Boost)  
  66  6:54  Probe  
  67  6:55  Protoss Air Weapons Level 1 (Chrono Boost)  
  67  6:58  Pylon  
  67  7:03  Forge  
  67  7:09  Gateway  
  67  7:10  Probe  
  67  7:11  Probe  
  67  7:15  Pylon  
  69  7:16  Void Ray (Chrono Boost)  
  69  7:19  Pylon  
  73  7:23  Pylon  
  73  7:27  Adept  
  75  7:42  Stalker  
  77  7:45  Void Ray (Chrono Boost)  
  81  7:52  Probe  
  81  7:58  Void Ray (Chrono Boost)  
  84  8:04  Protoss Ground Weapons Level 1 (Chrono Boost)  
  84  8:07  Probe  
  84  8:09  Probe  
  86  8:26  Void Ray (Chrono Boost), Zealot x2  
  94  8:29  Zealot  
  94  8:30  Zealot  
  92  8:47  Void Ray (Chrono Boost)  
  92  8:53  Protoss Air Armor Level 1  
  96  8:58  Adept x4  
  104  9:09  Void Ray (Chrono Boost)  
  108  9:18  Probe, Fleet Beacon  
  109  9:24  Pylon  
  109  9:27  Void Ray  
  87  10:17  Void Ray  
  79  10:23  Void Ray  
  75  10:55  Adept x2  
Tags
 
Add a new tag
Caveats
  • Supply blocks, unpowered buildings, or Contaminate may cause inaccurate times.
  • Supply counts are checked every 10 seconds.